 Dungeon Crawl Stone Soup version 0.19.1 (console) character file.

290 Jesseh the Slasher (level 6, -4/43 HPs)
             Began as a Halfling Fighter on Nov 28, 2016.
             Slain by an iguana (5 damage)
             ... on level 4 of the Dungeon.
             The game lasted 00:13:51 (3487 turns).

Jesseh the Slasher (Halfling Fighter)               Turns: 3487, Time: 00:13:52

Health: -4/43      AC:  8    Str: 19    XL:     6   Next: 58%
Magic:  6/6        EV: 10    Int:  6    God:
Gold:   101        SH: 10    Dex: 14    Spells: 0 memorised, 5 levels left

rFire  . . .     SeeInvis .     w - +1 dagger (speed)
rCold  + . .     Gourm    .     k - +0 ring mail (curse)
rNeg   . . .     Faith    .     c - +0 shield
rPois  .         Spirit   .     (no helmet)
rElec  .         Reflect  .     h - +0 cloak
rCorr  .         Harm     .     D - +0 pair of gloves
MR     .....                    (no boots)
Stlth  +.........               (no amulet)
                                (no ring)
                                r - ring of protection from cold

@: no status effects
A: mutation resistance 1
a: no special abilities


You were on level 4 of the Dungeon.
You were not hungry.

You visited 1 branch of the dungeon, and saw 4 of its levels.

You collected 101 gold pieces.

Inventory:

Hand Weapons
 a - a +0 long sword
 w - a +1 dagger of speed (weapon)
   (You took it off a goblin on level 2 of the Dungeon)
 C - a +2 flail of pain
   (You took it off an orc on level 3 of the Dungeon)
Armour
 b - a +0 scale mail
 c - a +0 shield (worn)
 h - a +0 cloak (worn)
   (You found it on level 1 of the Dungeon)
 k - a cursed +0 ring mail (worn)
   (You found it on level 1 of the Dungeon)
 D - a +0 pair of gloves (worn)
   (You found it on level 3 of the Dungeon)
 F - a +4 ring mail
   (You took it off an orc priest on level 3 of the Dungeon)
Jewellery
 e - an uncursed ring of ice
   (You found it on level 1 of the Dungeon)
 r - a ring of protection from cold (left hand)
   (You found it on level 2 of the Dungeon)
Scrolls
 j - 2 scrolls of immolation {unknown}
 l - a scroll of enchant weapon {unknown}
 m - 3 scrolls of teleportation {unknown}
 n - 2 scrolls of noise {unknown}
 o - a scroll of blinking {unknown}
 p - 3 scrolls of remove curse {unknown}
 q - 5 scrolls of identify {unknown}
 s - 4 scrolls of random uselessness {unknown}
 E - 2 scrolls of fear {unknown}
Potions
 d - a potion of might
 t - 2 potions of berserk rage {unknown}
 u - 2 potions of curing {unknown}
 x - 2 potions of flight {unknown}
 z - a potion of haste {unknown}
 B - a potion of agility {unknown}
 G - a potion of brilliance {unknown}
Books
 y - a book of Minor Magic
   (You found it on level 2 of the Dungeon)
Comestibles
 f - a bread ration
 g - a beef jerky
 i - 2 meat rations
 v - a royal jelly


   Skills:
 + Level 3.8 Fighting
 * Level 4.8 Long Blades
 - Level 3.2 Armour
 + Level 4.5 Shields


You had 5 spell levels left.
You didn't know any spells.

Dungeon Overview and Level Annotations

Branches:
Dungeon (4/15)
 Temple: D:4-7

Altars:
Gozag
Hepliaklqana
Uskayaw
Vehumet
Xom
Zin


Innate Abilities, Weirdness & Mutations

You are small and have problems with some larger weapons.
You are somewhat resistant to further mutation.


Message History

You hit the worker ant but do no damage.
The worker ant bites you.
You are poisoned.
The worker ant poisons you!
You hit the worker ant but do no damage.
You feel sick.
You hit the worker ant.
You feel sick.
The worker ant bites you but does no damage.
You hit the worker ant but do no damage.
The worker ant bites you.
You hit the worker ant.
You feel sick. You block the worker ant's attack.
You hit the worker ant.
You hit the worker ant but do no damage.
The worker ant completely misses you.
You hit the worker ant.
You feel sick. The worker ant bites you!
You are too injured to fight recklessly!
You are too injured to fight recklessly!
You are too injured to fight recklessly!
You are too injured to fight recklessly!
You closely miss the worker ant. You block the worker ant's attack.
You hit the worker ant but do no damage.
You hit the worker ant.
You feel sick. The worker ant bites you.
* * * LOW HITPOINT WARNING * * *
You hit the worker ant. The worker ant bites you!
* * * LOW HITPOINT WARNING * * *
Some of the chunks of flesh in your inventory have rotted away.
You hit the worker ant.
You kill the worker ant!
You feel sick.
You see here a worker ant corpse.
You butcher the worker ant corpse.
A - 4 chunks of flesh (gained 1)
You feel sick.
You start resting.
You feel sick. x5
You are no longer poisoned.
You start resting.
Some of the chunks of flesh in your inventory have rotted away.
All of the chunks of flesh in your inventory have rotted away.
You are feeling hungry.
You start eating one of the 2 beef jerkies.
That beef jerky was jerk-a-riffic!
You now have 101 gold pieces (gained 10).
An iguana comes into view.
The iguana hisses angrily.
You hit the iguana. The iguana closely misses you.
You closely miss the iguana. You hit the iguana but do no damage.
You block the iguana's attack.
You barely miss the iguana. The iguana bites you!
You hit the iguana. You barely miss the iguana. The iguana barely misses you.
You hit the iguana. The iguana bites you!
You are too injured to fight recklessly!
You are too injured to fight recklessly!
You are too injured to fight recklessly!
You are too injured to fight recklessly!
You are too injured to fight recklessly!
You are too injured to fight recklessly!
You are too injured to fight recklessly!
You hit the iguana but do no damage. You barely miss the iguana.
The iguana bites you.
* * * LOW HITPOINT WARNING * * *
The iguana hisses menacingly.
You block the iguana's attack.
There is a stone staircase leading up here.
You hit the iguana but do no damage. You hit the iguana but do no damage.
You block the iguana's attack.
You hit the iguana but do no damage. You barely miss the iguana.
The iguana barely misses you.
You barely miss the iguana. The iguana bites you.
You closely miss the iguana. You closely miss the iguana. The iguana bites you.
* * * LOW HITPOINT WARNING * * *
You hit the iguana but do no damage. The iguana closely misses you.
You hit the iguana but do no damage.
Your shield and ring mail prevent you from hitting the iguana.
The iguana closely misses you.
You hit the iguana. You hit the iguana but do no damage.
You block the iguana's attack.
You barely miss the iguana. The iguana bites you.
* * * LOW HITPOINT WARNING * * *
You hit the iguana but do no damage. The iguana barely misses you.
You barely miss the iguana. You hit the iguana. You block the iguana's attack.
You hit the iguana. The iguana completely misses you.
You barely miss the iguana. You hit the iguana but do no damage.
The iguana closely misses you.
You barely miss the iguana. You block the iguana's attack.
You completely miss the iguana. You closely miss the iguana.
The iguana bites you but does no damage.
You hit the iguana but do no damage. The iguana bites you.
* * * LOW HITPOINT WARNING * * *
You hit the iguana but do no damage.
Your ring mail prevents you from hitting the iguana.
The iguana bites you!
* * * LOW HITPOINT WARNING * * *
You hit the iguana. You block the iguana's attack.
There is a stone staircase leading up here.
The iguana bites you.
You die...

▒.........▒
▒▒▒▒▒▒▒..▒.▒▒▒.▒▒
.........▒.▒ ▒.▒
.........▒.▒▒▒.▒▒▒
▒▒.▒▒▒▒.▒▒.......▒
▒ ▒▒.▒▒▒▒▒.▒▒.▒
▒.........▒...
▒▒.l▒▒▒▒.▒.▒ .▒▒
▒.p.▒ ▒.▒.. .▒
▒.▒▒...▒▒▒▒.▒▒▒..▒
▒...............▒
▒......▒▒▒▒▒▒▒▒▒▒
▒▒▒▒▒▒▒▒


You could see an iguana.

Vanquished Creatures
  A crimson imp (D:3)
  An orc priest (D:3)
  Jessica (D:2)
  2 worker ants (D:4)
  5 adders
  A worm (D:3)
  6 dart slugs
  9 orcs (D:3)
  7 bats
  2 giant cockroaches (D:3)
  8 goblins
  15 hobgoblins
  9 kobolds
  2 quokkas (D:2)
  4 ball pythons
  5 frilled lizards
  9 rats
87 creatures vanquished.

Vanquished Creatures (others)
  An orc (D:3)
  3 jackals (D:3)
  A rat (D:3)
5 creatures vanquished.

Grand Total: 92 creatures vanquished

Notes
Turn   | Place    | Note
-------+----------+-------------------------------------------
     0 | D:1      | Jesseh the Halfling Fighter began the quest for the Orb.
     0 | D:1      | Reached XP level 1. HP: 15/15 MP: 1/1
   203 | D:1      | Reached XP level 2. HP: 20/20 MP: 2/2
   620 | D:1      | Reached XP level 3. HP: 25/25 MP: 3/3
   627 | D:1      | Reached skill level 3 in Fighting
   812 | D:1      | Reached skill level 3 in Long Blades
   868 | D:2      | Found a hazy altar of Hepliaklqana.
   963 | D:2      | Found a hide-covered altar of Uskayaw.
  1046 | D:2      | Reached XP level 4. HP: 31/31 MP: 4/4
  1274 | D:2      | Noticed Jessica
  1312 | D:2      | Killed Jessica
  1514 | D:2      | Reached XP level 5. HP: 36/36 MP: 5/5
  1602 | D:2      | Found an opulent altar of Gozag.
  1828 | D:3      | Found a shimmering altar of Xom.
  1828 | D:3      | Noticed an angel
  1831 | D:3      | Found a glowing silver altar of Zin.
  1888 | D:3      | Found a radiant altar of Vehumet.
  1898 | D:3      | Reached skill level 4 in Shields
  1937 | D:3      | Reached skill level 4 in Long Blades
  2514 | D:3      | Reached XP level 6. HP: 15/43 MP: 6/6
  3115 | D:4      | HP: 8/43 [worker ant (7)]
  3122 | D:4      | HP: 6/43 [poisoned by a worker ant]
  3129 | D:4      | HP: 5/43 [poisoned by a worker ant]
  3137 | D:4      | HP: 4/43 [poisoned by a worker ant]
  3484 | D:4      | HP: 1/43 [iguana (12)]
  3487 | D:4      | Slain by an iguana

Skill      XL: |  1  2  3  4  5 |
---------------+----------------+-----
Fighting       | 3 |  3.8
Long Blades    | 3 4 |  4.8
Shields        | 4 |  4.5
Armour         | |  3.2

Action                   |  1- 3 |  4- 6 || total
-------------------------+-------+-------++-------
Melee: Long sword        |    89 |     7 ||    96
       Dagger            |       |   462 ||   462
  Eat: Chunk             |     1 |     7 ||     8
       Beef jerky        |       |     1 ||     1
Armor: Scale mail        |    11 |       ||    11
       Ring mail         |    15 |    60 ||    75
Dodge: Dodged            |    38 |   108 ||   146
Block: Shield            |    41 |   126 ||   167
       Rpst.: Long sword |     8 |     1 ||     9

Vault maps used:
D:1:      ncdulo_halloftheorcs, st_stairs_10,
          hangedman_abyss_or_decor_lesser_grid
D:2:      eat_drink_and_be_merry_uskayaw, grunt_gozag_statues,
          old_standard_altar, kennysheep_jessica_study
D:3:      grunt_temple_overflow_order_and_chaos_1, fiery_altar_vehumet,
          portal_sewer_entry_b
D:4:      minmay_door_square, minmay_misc_feat_diagonals,
          nicolae_qazlal_eye_of_the_storm, uniq_natasha

Table legend:
 A = Turns spent in this place as a percentage of turns spent in the entire game.
 B = Non-inter-level travel turns spent in this place as a percentage of non-inter-level travel turns spent in the entire game.
 C = Inter-level travel turns spent in this place as a percentage of turns spent in this place.
 D = Turns resting spent in this place as a percentage of non-inter-level travel turns spent in this place.
 E = Turns spent auto-exploring this place as a percentage of non-inter-level travel turns spent in this place.
 F = Non-inter-level travel turns spent in this place divided by the number of levels of this place that you've seen.
                   A       B       C       D       E      F
               +-------+-------+-------+-------+-------+----------------------
         Total | 100.0 | 100.0 |   0.3 |   1.2 |   6.7 | 296.5
       Dungeon | 100.0 | 100.0 |   0.3 |   1.2 |   6.7 | 296.5
               +-------+-------+-------+-------+-------+----------------------

Table legend:
 A = Kills in this place as a percentage of kills in entire the game.
 B = Kills by you in this place as a percentage of kills by you in the entire game.
 C = Kills by friends in this place as a percentage of kills by friends in the entire game.
 D = Other kills in this place as a percentage of other kills in the entire game.
 E = Experience gained in this place as a percentage of experience gained in the entire game.
 F = Experience gained in this place divided by the number of levels of this place that you have seen.
                   A       B       C       D       E      F
               +-------+-------+-------+-------+-------+----------------------
         Total | 100.0 | 100.0 |  -nan |  -nan | 100.0 | 103.8
       Dungeon | 100.0 | 100.0 |  -nan |  -nan | 100.0 | 103.8
               +-------+-------+-------+-------+-------+----------------------
